AoeStats
← jose_manuel.rodriguez

Hideout

507471030Analyzed
1v1 RM · 16d ago on Sep 18, 2026· 28m 1s· 2 players
Game mode
Random Map
Map size
Tiny (2 player)
Population
200
Speed
Normal
Resources
Standard
Victory
Conquest
Starting age
Dark Age
Ending age
Imperial Age
RankedLock teamsTeams togetherTeam positionsShared explorationLock speedFull tech treeHidden civsTurbo modeCheats
Victory
Defeat
🇨🇴 Burmese · Colombia
971
+18
🇦🇷 Franks · Argentina
1011
-18
Manthasx22
10:12 Feudal Age
12:00 Loom
16:18 Castle Age
25:14 Horse Collar
27:13 Wheelbarrow
28:00 Crossbowman
jose_manuel.rodriguez
11:17 Feudal Age
15:18 Castle Age
14:13 Double-Bit Axe
24:51 Loom
25:47 Scale Mail Armor
Connection lost

Rejoining the realm…

Still unreachable

The connection could not be restored.

Session expired

The server has moved on; the page needs a fresh start.